 Dungeon Crawl Stone Soup version 0.27.1-33-g824d729ab1 (webtiles) character file.

Game seed: 14423339978120228192

231 vvlvvlvvl the Shield-Bearer (level 5, -2/42 (53) HPs)
             Began as a Troll Fighter on Dec 28, 2021.
             Slain by Duvessa (6 damage)
             ... on level 6 of the Dungeon.
             The game lasted 00:04:25 (1934 turns).

vvlvvlvvl the Shield-Bearer (Troll Fighter)         Turns: 1934, Time: 00:04:26

HP:   -2/42 (53)    AC:  4    Str: 24    XL:     5   Next: 72%
MP:   4/4           EV:  8    Int:  5    God:
Gold: 67            SH:  9    Dex:  9    Spells: 4/4 levels left

rFire    . . .     SeeInvis .     - Unarmed
rCold    . . .     Faith    .   b - +0 kite shield
rNeg     . . .     Spirit   .   a - +0 robe
rPois    .         Reflect  .   (helmet restricted)
rElec    .         Harm     .   (no cloak)
rCorr    .         Rampage  .   (gloves unavailable)
Will     .....                  (boots unavailable)
Stlth    +.........             (no amulet)
HPRegen  1.14/turn              (no ring)
MPRegen  0.09/turn              (no ring)

@: mighty, heavily drained
A: large, unfitting armour, claws 3, regeneration 1, shaggy fur 1, tough skin 1
a: no special abilities


You were on level 6 of the Dungeon.
You visited 2 branches of the dungeon, and saw 5 of its levels.

You collected 67 gold pieces.

Inventory:

Armour
 a - a +0 robe (worn)
 b - a +0 kite shield (worn)
Scrolls
 d - a scroll of noise {unknown}
 e - a scroll of torment {unknown}
 f - 4 scrolls of identify {unknown}
 h - a scroll of summoning {unknown}
 i - a scroll of fog {unknown}
Potions
 g - 2 potions of curing {unknown}


   Skills:
 + Level 3.0 Fighting
 + Level 1.5 Armour
 + Level 3.0 Dodging
 + Level 3.0 Shields
 + Level 2.8 Unarmed Combat
 + Level 1.3 Necromancy
 + Level 1.6 Earth Magic


You had 4 spell levels left.
You didn't know any spells.
Your spell library was empty.

Dungeon Overview and Level Annotations

Branches:
Dungeon (6/15)             Temple (1/1) D:6

Altars:
Ashenzari
Cheibriados
Dithmenos
Elyvilon
Fedhas
Gozag
Hepliaklqana
Nemelex Xobeh
Okawaru
Qazlal
Ru
Sif Muna
Trog
Uskayaw
Vehumet
Xom
Yredelemnul
The Shining One

Annotations:
D:6 Dowan, Duvessa


Innate Abilities, Weirdness & Mutations

You are too large for most types of armour.
You have claws for hands.
Your natural rate of healing is unusually fast.
You are covered in fur. (AC +1)
You have tough skin. (AC +1)


Message History

Dowan says, "Magic and the sword, together, will defeat you."
Dowan casts a spell.
Dowan blinks!
You scratch Duvessa.
Duvessa is heavily wounded.
Duvessa hits you with a +2 short sword of draining!
You feel drained. You block Duvessa's attack.
You scratch Duvessa.
Duvessa is severely wounded.
Duvessa says, "Beauty is only skin deep, and my weapons penetrate much further than that."
You block Duvessa's attack.
You barely miss Duvessa.
Duvessa is severely wounded.
You block Duvessa's attack.
You barely miss Duvessa.
Duvessa is severely wounded.
Duvessa hits you with a +2 short sword of draining.
You feel drained.
You barely miss Duvessa.
Duvessa is severely wounded.
Duvessa hits you with a +2 short sword of draining!
You feel drained.
* * * LOW HITPOINT WARNING * * *
Dowan says, "Magic and the sword, together, will defeat you."
You barely miss Duvessa.
Duvessa is severely wounded.
You block Duvessa's attack.
Dowan gestures wildly while chanting.
Dowan blinks!
You scratch Duvessa but do no damage.
Duvessa is severely wounded.
Duvessa hits you with a +2 short sword of draining!
* * * LOW HITPOINT WARNING * * *
You feel drained.
* * * LOW HITPOINT WARNING * * *
You scratch Duvessa.
Duvessa is severely wounded.
Duvessa says, "Practise, practise, practise!
One day you'll be as good as me."
Duvessa hits you with a +2 short sword of draining.
You die...

.. .Y
.######.
#......
#..... ....
## ###'### .#
#.....#..#
###.###.#e.#
#.'.#@#.'..#
#.#.#e#.#....
#.#..ยง..# #
##.###+###
######...#
#......#.#
#......#.#
#......#.#
#........#


You could see Duvessa and Dowan.

Vanquished Creatures
  A sky beast (D:6)
  A howler monkey (D:3)
  A hound (D:6)
  An iguana (D:3)
  An adder (D:2)
  A dart slug (D:1)
  6 ball pythons
  6 endoplasms
  A giant cockroach (D:2)
  3 goblins (D:2)
  7 hobgoblins
  2 quokkas
  3 bats
  3 frilled lizards
  5 kobolds
  2 rats
44 creatures vanquished.

Notes
Turn   | Place    | Note
-------+----------+-------------------------------------------
     0 | D:1      | vvlvvlvvl the Troll Fighter began the quest for the Orb.
     0 | D:1      | Reached XP level 1. HP: 22/22 MP: 0/0
   131 | D:1      | Reached XP level 2. HP: 29/29 MP: 1/1
   242 | D:1      | Found a faded altar of an unknown god.
   616 | D:2      | Reached XP level 3. HP: 28/36 MP: 2/2
  1101 | D:3      | Reached skill level 1 in Armour
  1101 | D:3      | Reached skill level 1 in Earth Magic
  1101 | D:3      | Reached XP level 4. HP: 44/44 MP: 3/3
  1213 | D:3      | Reached skill level 1 in Necromancy
  1285 | D:3      | You fall into a shaft and drop 3 floors!
  1294 | D:6      | Found a staircase to the Ecumenical Temple.
  1300 | D:6      | Noticed Duvessa
  1300 | D:6      | Noticed a sky beast
  1302 | D:6      | Noticed Dowan
  1309 | D:6      | Reached XP level 5. HP: 47/52 MP: 4/4
  1328 | Temple   | Entered the Ecumenical Temple
  1924 | D:6      | Killed a sky beast
  1934 | D:6      | Slain by Duvessa

Illustrated notes

Levels and vault maps discovered:
D:1:      scummos_arrival_hexagon, layout_basic, basic_ecumenical_altar,
          minmay_misc_feat_room, minivault_25
D:2:      layout_basic, minmay_misc_feat_tower
D:3:      layout_basic
D:6:      layout_basic, minmay_temple_entry_glassed_door, uniq_duvessa,
          uniq_crazy_yiuf_cottage, uniq_pikel
Temple:   compressed_dpeg_circular_temple

Skill      XL: |  1  2  3  4  5 |
---------------+----------------+-----
Armour         | 1 |  1.5
Earth Magic    | 1 |  1.6
Necromancy     | 1 |  1.3
Fighting       | 3 |  3.0
Dodging        | 3 |  3.0
Shields        | 3 |  3.0
Unarmed Combat | |  2.8

Action                   |  1- 3 |  4- 6 || total
-------------------------+-------+-------++-------
Melee: Unarmed           |   100 |    57 ||   157
  Use: Potion            |       |     1 ||     1
Armor: Robe              |    29 |    10 ||    39
Dodge: Dodged            |    26 |    16 ||    42
Block: Kite shield       |    40 |    18 ||    58
